 Dungeon Crawl Stone Soup version 0.13.2 (webtiles) character file.

1955 TugoseryaHuesosov the Cruncher (level 8, -16/60 HPs)
             Began as a Demonspawn Berserker on Nov 5, 2016.
             Was an Elder of Trog.
             Demolished by an ogre
             ... wielding a +0,+0 giant club
              (19 damage)
             ... on Level 5 of the Dungeon.
             The game lasted 00:13:48 (4319 turns).

TugoseryaHuesosov the Cruncher (DsBe)               Turns: 4319, Time: 00:13:49

HP -16/60        AC 10     Str 19      XL: 8   Next: 68%
MP   7/7         EV 10     Int 13      God: Trog [****..]
Gold 295         SH  0     Dex 16      Spells:  0 memorised,  7 levels left

Res.Fire  : + . .   See Invis. : .   t - +4 quarterstaff (chaos) (curse)
Res.Cold  : . . .   Warding    : .   j - +2 ring mail
Life Prot.: . . .   Conserve   : .   (no shield)
Res.Poison: .       Res.Corr.  : .   (helmet restricted)
Res.Elec. : .       Clarity    : .   x - +2 cloak {MR+} (curse)
Sust.Abil.: . .     Spirit.Shd : .   (no gloves)
Res.Mut.  : .       Stasis     : .   (no boots)
Res.Rott. : .       Flight     : .   y - amulet of rage
Saprovore : . . .                    (no ring)
                                     (no ring)

@: brilliant, somewhat resistant to hostile enchantments, unstealthy
A: antennae 2, conserve scrolls, fire resistance 1, Dex +2
a: Burn Spellbooks, Berserk, Trog's Hand, Brothers in Arms, Renounce Religion,
Evoke Berserk Rage


You were on level 5 of the Dungeon.
You worshipped Trog.
Trog was greatly pleased with you.
You were very hungry.

You visited 1 branch of the dungeon, and saw 5 of its levels.
You also visited: Ossuary.

You collected 275 gold pieces.

Inventory:

Hand weapons
 r - a +2,+0 whip of flaming
 t - a cursed +4,+4 quarterstaff of chaos (weapon)
 J - a +0 blowgun
Missiles
 i - 3 darts of dispersal (quivered)
 K - 17 poisoned needles
Armour
 j - a +2 ring mail (worn)
 x - a cursed +2 cloak of magic resistance (worn)
Magical devices
 v - a wand of invisibility (4)
 C - a wand of confusion (14)
 D - a wand of enslavement (12)
 E - a wand of confusion (13)
Comestibles
 c - 3 bread rations
 d - 2 meat rations
 u - 12 grapes
Scrolls
 b - 4 scrolls of teleportation
 h - a scroll of magic mapping
 k - a scroll of blinking
 l - 2 scrolls of curse weapon {unknown}
 n - 5 scrolls of remove curse {unknown}
 o - a scroll of fear
 p - a scroll of enchant armour
 w - a scroll of noise
 I - a scroll of enchant weapon I {unknown}
Jewellery
 y - an amulet of rage (around neck)
Potions
 e - a potion of magic
 f - 2 potions of agility {unknown}
 g - 2 potions of heal wounds {unknown}
 m - 2 potions of brilliance
 q - a potion of beneficial mutation {unknown}
 s - 2 potions of speed {unknown}
 z - a potion of slowing {unknown}
 A - 2 potions of mutation {unknown}
 B - a potion of curing {unknown}
 H - 2 potions of confusion {unknown}
Books
 F - a book of Envenomations

   Spells                             Type                      Level
   Spider Form                        Transmutation/Poison         3
   Poison Weapon                      Charms/Poison                3
   Summon Scorpions                   Summoning/Poison             4
   Olgreb's Toxic Radiance            Poison                       4
   Poisonous Cloud                    Conjuration/Poison/Air       6
   Trog disapproves of the use of such an item.
 G - a book of Unlife

   Spells                             Type                      Level
   Recall                             Summoning/Translocation      3
   Animate Dead                       Necromancy                   4
   Control Undead                     Necromancy                   4
   Twisted Resurrection               Necromancy                   5
   Death Channel                      Necromancy                   6
   Simulacrum                         Ice/Necromancy               6
   Trog disapproves of the use of such an item.


   Skills:
 - Level 3.6 Fighting
   Level 4.3 Axes
 + Level 9.0 Staves
 - Level 2.6 Armour
 - Level 2.1 Dodging


You had 7 spell levels left.
You didn't know any spells.

Dungeon Overview and Level Annotations

Branches:
Dungeon (5/27)             Temple (0/1) D:4

Altars:
Ashenzari
Cheibriados
Elyvilon
Sif Muna
Xom


Innate Abilities, Weirdness & Mutations

You have a pair of antennae on your head.
You have a somewhat thin skeletal structure (Dex +2, Stlth).
You are very good at protecting items from fire.
Your flesh is heat resistant.


Message History

You start resting.
An ogre comes into view. It is wielding a giant club.
The ogre shouts!
You see here a short sword.
Evoke which item? (* to show all) (? for menu, Esc to quit)
Zapping:
C - a wand of confusion {zapped: 1}
Press: ? - help, Shift-Dir - straight line, f - ogre
Aim: an ogre, wielding a giant club The ogre appears confused.
You thump the ogre!
The ogre flickers and vanishes!
Deactivating autopickup; reactivate with Ctrl-A.
It hits you!
* * * LOW HITPOINT WARNING * * *
Drink which item? (? for menu, Esc to quit)
Okay, then.
You sock it!
Drink which item? (? for menu, Esc to quit)
You feel clever all of a sudden.
It was a potion of brilliance.
It hits you!
You die...

*,* #.* *, ,,,,..****
*,* #. ******...# *,
#.* #######...#### *,*
#.####............. *,*
#..............#*#. ,*
###)......###..# #. *,*
#.......#....# #.
#.#####.......#.##.# #.
#.....@..........#.###.
#######....._.#..#.....
#.......#........
#.>.....#.######.
####.####.######.
#.............
######.......#
#######.. #..


There were no monsters in sight!

Vanquished Creatures
  The ghost of AAAAA the Basher, an experienced OgAM of Ashenzari (D:5)
  Pikel (D:4)
  Edmund (D:4)
  A phantom (D:4)
  An ice beast (D:5)
  2 centaur zombies (Ossuary)
  A jelly (D:5)
  Crazy Yiuf (D:3)
  An orc priest (D:3)
  An iguana (D:4)
  Ijyb (D:4)
  2 mummies (Ossuary)
  6 adders
  A worm zombie (D:5)
  A giant mite (D:1)
  A worm (D:2)
  2 adder zombies (Ossuary)
  2 giant geckos
  8 orcs (D:3)
  2 giant cockroaches
  7 hobgoblins
  6 quokkas
  3 ball pythons
  14 bats
  3 giant newts
  A giant newt skeleton (D:4)
  13 goblins
  2 goblin zombies
  9 hobgoblin zombies (Ossuary)
  A jackal zombie (Ossuary)
  12 kobolds
  12 kobold zombies (Ossuary)
  6 orc zombies (Ossuary)
  10 rats
  4 rat zombies (Ossuary)
140 creatures vanquished.

Vanquished Creatures (others)
  A worker ant (D:4)
  A goblin (D:4)
  A quokka (D:4)
3 creatures vanquished.

Grand Total: 143 creatures vanquished

Notes
Turn   | Place    | Note
--------------------------------------------------------------
     0 | D:1      | TugoseryaHuesosov, the Demonspawn Berserker, began the quest for the Orb.
     0 | D:1      | Reached XP level 1. HP: 18/18 MP: 0/0
   328 | D:1      | Gained mutation: You have a pair of small antennae on your head. [demonic ancestry]
   328 | D:1      | Reached XP level 2. HP: 20/24 MP: 1/1
   502 | D:1      | Acquired Trog's second power
   804 | D:1      | Gained mutation: You have a somewhat thin skeletal structure (Dex +2, Stlth). [demonic ancestry]
   804 | D:1      | Reached XP level 3. HP: 30/30 MP: 2/2
  1619 | D:2      | Found a white marble altar of Elyvilon.
  1674 | D:2      | Reached skill level 4 in Axes
  1674 | D:2      | Gained mutation: You are very good at protecting items from fire. [demonic ancestry]
  1674 | D:2      | Reached XP level 4. HP: 19/36 MP: 3/3
  2573 | D:3      | Noticed Crazy Yiuf
  2580 | D:3      | Killed Crazy Yiuf
  2580 | D:3      | Gained mutation: Your flesh is heat resistant. [demonic ancestry]
  2580 | D:3      | Reached XP level 5. HP: 42/42 MP: 4/4
  2822 | D:3      | Found a shimmering altar of Xom.
  2826 | D:3      | Reached skill level 1 in Staves
  3002 | D:4      | Found a staircase to the Ecumenical Temple.
  3074 | D:4      | Noticed Ijyb
  3081 | D:4      | Killed Ijyb
  3228 | D:4      | Noticed a phantom
  3243 | D:4      | Killed a phantom
  3243 | D:4      | Reached XP level 6. HP: 43/48 MP: 5/5
  3356 | D:4      | Noticed Pikel
  3356 | D:4      | Noticed a slave
  3367 | D:4      | Killed Pikel
  3367 | D:4      | Reached skill level 6 in Staves
  3367 | D:4      | Gained mutation: You have a pair of antennae on your head. [demonic ancestry]
  3367 | D:4      | Reached XP level 7. HP: 54/54 MP: 6/6
  3368 | D:4      | Noticed a freed slave
  3368 | D:4      | Noticed a freed slave
  3368 | D:4      | Noticed a freed slave
  3410 | D:4      | Acquired Trog's third power
  3436 | D:4      | Noticed Edmund
  3451 | D:4      | Killed Edmund
  3486 | D:4      | Found a shattered altar of Ashenzari.
  3568 | D:4      | Found a deep blue altar of Sif Muna.
  3842 | D:5      | Entered Level 5 of the Dungeon
  3872 | D:5      | Found a sand-covered staircase.
  3886 | Ossuary  | Entered an ossuary
  4001 | Ossuary  | Reached XP level 8. HP: 60/60 MP: 7/7
  4006 | Ossuary  | Reached skill level 7 in Staves
  4211 | D:5      | Found a snail-covered altar of Cheibriados.
  4240 | D:5      | Noticed AAAAA's ghost (experienced OgAM)
  4260 | D:5      | Killed AAAAA's ghost
  4260 | D:5      | Reached skill level 8 in Staves
  4280 | D:5      | Reached skill level 9 in Staves
  4317 | D:5      | HP: 2/60 [something (23)]
  4319 | D:5      | Demolished by an ogre

Action                   |  1- 3 |  4- 6 |  7- 9 || total
-------------------------+-------+-------+-------++-------
Melee: Hand axe          |   145 |    61 |       ||   206
       Quarterstaff      |       |    67 |   127 ||   194
Invok: Berserk           |     4 |     4 |     3 ||    11
Evoke: Wand              |       |     3 |     1 ||     4
  Use: Scroll            |       |     6 |     1 ||     7
       Potion            |       |       |     1 ||     1
 Stab: Petrifying        |       |     1 |       ||     1
       Paralysed         |       |       |     1 ||     1
